 Dungeon Crawl Stone Soup version 0.23-a0-171-g5ae17c6 (webtiles) character file.

25 grindst0ne the Gusty (level 3, -3/19 HPs)
             Began as a Tengu Air Elementalist on Sept 13, 2018.
             Slain by an adder (4 damage)
             ... on level 2 of the Dungeon.
             The game lasted 00:02:52 (1420 turns).

grindst0ne the Gusty (Tengu Air Elementalist)       Turns: 1420, Time: 00:02:53

Health: -3/19      AC:  3    Str:  8    XL:     3   Next: 4%
Magic:  0/7        EV: 12    Int: 16    God:
Gold:   44         SH:  0    Dex: 14    Spells: 3/6 levels left

rFire    . . .     SeeInvis .   d - +2 dagger (protect)
rCold    . . .     Gourm    .   (no shield)
rNeg     . . .     Faith    .   a - +0 robe
rPois    .         Spirit   .   (helmet restricted)
rElec    .         Reflect  .   (no cloak)
rCorr    .         Harm     .   i - +0 pair of gloves
MR       .....                  (boots unavailable)
Stlth    ++........             k - amulet of inaccuracy (curse)
HPRegen  0.06/turn              (no ring)
MPRegen  0.10/turn              (no ring)

@: no status effects
A: beak, talons 3
a: no special abilities


You were on level 2 of the Dungeon.
You were very hungry.

You visited 1 branch of the dungeon, and saw 2 of its levels.

You collected 44 gold pieces.

Inventory:

Hand Weapons
 d - a +2 dagger of protection (weapon)
Armour
 a - a +0 robe (worn)
 i - a +0 pair of gloves (worn)
Jewellery
 g - an uncursed amulet of the gourmand
 k - a cursed amulet of inaccuracy (around neck)
Wands
 l - a wand of polymorph (7)
Scrolls
 b - a scroll of amnesia
Potions
 e - a potion of curing
 f - a potion of heal wounds
 h - a potion of invisibility
 j - a potion of agility {unknown}
Comestibles
 c - 3 rations


   Skills:
 - Level 2.1 Dodging
 - Level 2.0 Stealth
 + Level 2.3 Spellcasting
 * Level 2.9 Conjurations
 + Level 4.4 Air Magic


You had 3 spell levels left.
You knew the following spells:

 Your Spells              Type           Power        Failure   Level  Hunger
a - Shock                 Conj/Air       ##..         4%          1    #......
b - Swiftness             Chrm/Air       #.......     12%         2    ###....

Your spell library contained the following spells:

 Spells                   Type           Power        Failure   Level  Hunger
 Static Discharge         Conj/Air       ##......     13%         3    ###....
 Airstrike                Air            ###.......   32%         4    #####..
 Lightning Bolt           Conj/Air       ##........   77%         5    ######.


Dungeon Overview and Level Annotations

Branches:
Dungeon (2/15)

Altars:
Dithmenos
Zin

Shops:
D:2 *


Innate Abilities, Weirdness & Mutations

You have a beak for a mouth.
You have claws for feet.


Message History

Aiming: Shock (safe; 4% risk of failure)
Press: ? - help, Shift-Dir - straight line, f/p - adder
Aim: an adder (moderately wounded)
The zap hits the adder.
The adder is severely wounded.
The adder bites you but does no damage. The adder bites you.
The adder misses you.
Casting: Shock (safe; 4% risk of failure)
Confirm with . or Enter, or press ? or * to list all spells.
Aiming: Shock (safe; 4% risk of failure)
Press: ? - help, Shift-Dir - straight line, f/p - adder
Aim: an adder (severely wounded)
The zap misses the adder.
The adder bites you.
* * * LOW HITPOINT WARNING * * *
You barely miss the adder. Your kick misses the adder.
The adder is severely wounded.
The adder bites you.
* * * LOW HITPOINT WARNING * * *
The adder bites you.
You die...

#...........#
##.......##### .#........#
..........### .##.........#
#......##..######
....###........).# ..##
#S.........# ..
#@.........# ........#
#..........# .........#
#####....### ..........##
#..#....# #...........##
##.##....#
#............#####..##....#
#..........#.##....#......#
#............#............#
#.........................#


You could see an adder.

Vanquished Creatures
  2 bats (D:1)
  2 giant cockroaches
  2 goblins (D:1)
  2 hobgoblins (D:1)
  3 jackals (D:1)
  5 kobolds
  A quokka (D:2)
  3 frilled lizards
  2 rats (D:1)
22 creatures vanquished.

Notes
Turn   | Place    | Note
-------+----------+-------------------------------------------
     0 | D:1      | grindst0ne the Tengu Air Elementalist began the quest for
                  | the Orb.
     0 | D:1      | Reached XP level 1. HP: 10/10 MP: 4/4
   612 | D:1      | Reached XP level 2. HP: 15/15 MP: 4/6
  1207 | D:2      | Found a glowing silver altar of Zin.
  1207 | D:2      | Found Zin's Purification Station.
  1250 | D:2      | Reached XP level 3. HP: 11/19 MP: 2/7
  1380 | D:2      | Learned a level 2 spell: Swiftness
  1383 | D:2      | Found a shadowy altar of Dithmenos.
  1420 | D:2      | Slain by an adder

Vault maps used:
D:1:      ncdulo_halloftheorcs, minmay_stone_trees_large
D:2:      zin_purify, lemuel_crystal_altar, amethyst_killhole, minmay_domino_4,
          uniq_terence

Skill      XL: |  1 |
---------------+----+-----
Conjurations   | 2 |  2.9
Dodging        | |  2.1
Stealth        | |  2.0
Spellcasting   | |  2.3
Air Magic      | |  4.4

Action                   || total
-------------------------++-------
Melee: Unarmed           ||     2
       Dagger            ||    22
       Kick              ||     1
 Cast: Shock             ||    42
  Use: Scroll            ||     4
 Stab: Sleeping          ||     1
  Eat: Chunk             ||     1
Armor: Robe              ||    14
Dodge: Dodged            ||    20

Table legend:
 A = Non-vault XP
 B = Vault XP
 C = Vault XP percentage of total XP
 D = Non-vault monster count
 E = Vault monster count
 F = Vault count percentage of total count
                 A         B        C        D         E       F
            +---------+---------+-------+---------+---------+-------
      Total |      36 |       0 |   0.0 |      22 |       0 |   0.0
            +---------+---------+-------+---------+---------+-------
        D:1 |      29 |       0 |   0.0 |      17 |       0 |   0.0
        D:2 |       7 |       0 |   0.0 |       5 |       0 |   0.0
            +---------+---------+-------+---------+---------+-------
